 Dungeon Crawl Stone Soup version 0.28-a0-8-g6e044cfa68 (webtiles) character file.

Game seed: 13996288980805055037

6162 Sobieck the Nimble (level 10, -2/59 HPs)
             Began as a Tengu Conjurer on July 24, 2021.
             Was a Follower of Vehumet.
             Slain by a centaur (5 damage)
             ... on level 9 of the Dungeon.
             The game lasted 00:24:23 (10358 turns).

Sobieck the Nimble (Tengu Conjurer)                Turns: 10358, Time: 00:24:23

Health: -2/59      AC:  5    Str:  9    XL:     10   Next: 90%
Magic:  18/22      EV: 18    Int: 31    God:    Vehumet [*.....]
Gold:   428        SH:  0    Dex: 12    Spells: 6/24 levels left

rFire   . . .      SeeInvis .   m - +4 battleaxe of Hepliaklqana's Delight {holy, rPois rN+, axe}
rCold   . . .      Faith    .   (shield currently unavailable)
rNeg    + + .      Spirit   .   F - +0 troll leather armour
rPois   +          Reflect  .   (helmet restricted)
rElec   .          Harm     .   (no cloak)
rCorr   .          Rampage  .   s - +0 pair of gloves
Will    .....                   (boots unavailable)
Stlth   ++........              g - amulet of regeneration {@e2}
HPRegen 2.19/turn               C - ring of the Moon {rN+ Int+4}
MPRegen 0.18/turn               j - +6 ring of intelligence

@: flying quickly and evasively, very slightly contaminated, invisible, quick
A: beak, talons 3, nimble flight
a: Renounce Religion


You were on level 9 of the Dungeon.
You worshipped Vehumet.
Vehumet was aware of your devotion.
You visited 2 branches of the dungeon, and saw 10 of its levels.
You also visited: Bailey.

You collected 844 gold pieces.
You spent 416 gold pieces at shops.


Innate Abilities, Weirdness & Mutations

You have a beak for a mouth.
You have claws for feet.
Your magical nature lets you fly swiftly and evasively.


   Skills:
 - Level 5.0 Fighting
 + Level 10.8 Dodging
 - Level 4.0 Stealth
 + Level 7.9 Spellcasting
 + Level 9.5 Conjurations
 - Level 3.0 Translocations
 + Level 3.1 Air Magic


You had 6 spell levels left.
You knew the following spells:

 Your Spells              Type           Power      Damage    Failure   Level
a - Magic Dart            Conj           100%       1d8       1%          1
b - Searing Ray           Conj           100%       3d7       1%          2
c - Blink                 Tloc           N/A        N/A       2%          2
d - Iskenderun's Mystic   Conj/Tloc      50%        2d11      4%          4
e - Airstrike             Air            16%        N/A       16%         4
f - Lightning Bolt        Conj/Air       25%        1d41      12%         5

Your spell library contained the following spells:

 Spells                   Type           Power      Damage    Failure   Level
 Foxfire                  Conj/Fire      100%       2x1d9     1%          1
 Dazzling Flash           Conj/Hex       82%        N/A       2%          3
 Poisonous Vapours        Pois/Air       44%        N/A       4%          2
 Lesser Beckoning         Tloc           15%        N/A       4%          3
 Corona                   Hex            13%        N/A       6%          1
 Freeze                   Ice            48%        1d7       6%          1
 Sting                    Tmut/Pois      48%        1d5       6%          1
 Fulminant Prism          Conj/Hex       20%        3d13      8%          4
 Hailstorm                Conj/Ice       41%        3d10      8%          4
 Ensorcelled Hibernation  Hex/Ice        24%        N/A       9%          2
 Slow                     Hex            12%        N/A       9%          2
 Confusing Touch          Hex            12%        N/A       17%         3
 Frozen Ramparts          Ice            24%        1d4       17%         3
 Tukima's Dance           Hex            12%        N/A       17%         3
 Vampiric Draining        Necr           6%         2d6       17%         3
 Summon Lightning Spire   Summ/Air       22%        N/A       30%         4
 Manifold Assault         Tloc           30%        N/A       43%         5
 Animate Dead             Necr           6%         N/A       50%         4
 Olgreb's Toxic Radiance  Pois           12%        N/A       50%         4
 Haunt                    Necr/Summ      6%         N/A       100%        7
 Infestation              Necr           6%         N/A       100%        8

Inventory:

Hand Weapons
 b - a +0 hand axe {axe}
   (You found it on level 1 of the Dungeon)
 e - a +0 short sword {short}
   (You took it off a kobold on level 1 of the Dungeon)
 l - a +4 dagger of venom {short}
   (You took it off a goblin on level 2 of the Dungeon)
 m - the +4 battleaxe of Hepliaklqana's Delight (weapon) {holy, rPois rN+, axe}
   (You found it on level 7 of the Dungeon)

   It has been blessed by the Shining One to cause great damage to the undead
   and demons.
   rPois:     It protects you from poison.
   rN:        It protects you from negative energy.
Missiles
 c - 209 stones {throwing}
 h - 210 arrows
 t - 4 javelins {throwing}
 u - 32 sling bullets
 w - 84 boomerangs {throwing}
 y - 30 poisoned darts {throwing}
 z - 63 bolts
 G - 4 curare-tipped darts {=fthrowing}
Armour
 a - a +0 robe
 s - a +0 pair of gloves (worn)
   (You found it on level 3 of the Dungeon)
 D - a +2 ring mail of poison resistance
   (You took it off Duvessa on level 6 of the Dungeon)
 F - a +0 troll leather armour (worn)
   (You found it on level 7 of the Dungeon)
 J - the +0 plate armour of Midwinter {Drain Fly Str+9 Dex-3}
   (You took it off a goblin in a bailey)

   Str:       It affects your strength (+9).
   Dex:       It affects your dexterity (-3).
   Fly:       It grants you flight.
   Drain:     It drains your maximum health when unequipped.
 K - a +4 scale mail
   (You took it off an orc knight in a bailey)
Jewellery
 g - an amulet of regeneration (around neck) {@e2}
   (You found it on level 1 of the Dungeon)
 j - a +6 ring of intelligence (right hand)
   (You found it on level 2 of the Dungeon)
 n - a ring of fire
   (You found it on level 6 of the Dungeon)
 o - an amulet of faith {!P}
   (You found it on level 6 of the Dungeon)
 x - a ring of protection from fire
   (You took it off a goblin on level 4 of the Dungeon)
 C - the ring of the Moon (left hand) {rN+ Int+4}
   (You found it on level 5 of the Dungeon)

   [ring of positive energy]

   Int:       It affects your intelligence (+4).
   rN:        It protects you from negative energy.
 I - a ring of resist corrosion
   (You took it off an orc on level 8 of the Dungeon)
Wands
 A - a wand of paralysis (13)
   (You took it off Ijyb on level 5 of the Dungeon)
 B - a wand of flame (39)
   (You took it off Dowan on level 6 of the Dungeon)
 O - a wand of polymorph (2)
   (You took it off a centaur on level 9 of the Dungeon)
Scrolls
 d - 3 scrolls of amnesia
 p - 7 scrolls of teleportation {@r4}
 q - 2 scrolls of immolation {!r!r}
 E - a scroll of acquirement {unknown}
 H - 3 scrolls of fear
 L - a scroll of enchant weapon
 M - a scroll of blinking {!r}
 N - a scroll of enchant armour {unknown}
Potions
 i - 4 potions of curing {@q1}
 k - 3 potions of lignification {!q}
 r - a potion of cancellation {unknown}
 v - a potion of ambrosia {unknown}

Dungeon Overview and Level Annotations

Branches:
Dungeon (9/15)             Temple (1/1) D:7             Orc (0/2) D:9
 Bailey (visited)
   Lair: D:8-11

Altars:
Ashenzari
Cheibriados
Dithmenos
Elyvilon
Fedhas
Gozag
Hepliaklqana
Kikubaaqudgha
Makhleb
Nemelex Xobeh
Okawaru
Qazlal
Ru
Trog
Uskayaw
Vehumet
Wu Jian
Xom
Yredelemnul
Zin
The Shining One

Shops:
D:6

: #.#.#.###.# #...#
#.#.......# ###.#
####.....#### #####'##
#...........# #......#
#...........### #......#
#...........'.###....<.#
#...........#.).'......#
#.........c.#####......####
+.......c.@.# #>.....##..
#......>....# #......'..#
##########'## #......####
####...# ####+### ##†)†.###
## #.)#### ... ####'#####
....#........##
................


You could see 2 centaurs.


Message History

A killer bee comes into view. 😎 MP[+3]
You regained 3 mp, and now have 18/22 mp.
Casting: Searing Ray (safe; 1% risk of failure)
Confirm with . or Enter, or press ? or * to list all spells.
Aiming: Searing Ray (safe; 1% risk of failure)
Press: ? - help, Shift-Dir - straight line, f - killer bee
Aim: a killer bee (wandering, hasn't noticed you, 65% to hit)
The searing ray misses the killer bee. (Press . to maintain the ray.) 😎 MP[-2]
You lost 2 mp, and now have 16/22 mp.
The searing ray hits the killer bee!
The killer bee misses you.
The killer bee stings you. 😕 HP[-4] MP[-1]
You take 4 damage, and now have 55/59 hp.
You lost 1 mp, and now have 15/22 mp.
You miss the killer bee. Your kick misses the killer bee.
The killer bee completely misses you. The killer bee stings you.
The killer bee barely misses you. 😕 HP[-1]
You take 1 damage, and now have 54/59 hp.
You miss the killer bee. Your peck misses the killer bee.
The killer bee closely misses you. The killer bee barely misses you.
The killer bee misses you.
The killer bee closely misses you. 😕 HP[+3] MP[+1]
You regained 3 hp, and now have 57/59 hp.
You miss the killer bee. Your peck misses the killer bee.
The killer bee barely misses you. The killer bee closely misses you.
The killer bee misses you. 😎 HP[+2]
Your hp is fully restored (59).
You closely miss the killer bee. Your peck misses the killer bee.
The killer bee stings you but does no damage.
The killer bee stings you! The killer bee stings you.
You are poisoned.
The killer bee poisons you!
The killer bee barely misses you. 😕 HP[-10]
You take 10 damage, and now have 49/59 hp.
You slash the killer bee!
You kill the killer bee!
Vehumet accepts your kill.
You feel very sick.
A centaur comes into view. 😕 MP[+1]
You feel sick.
A killer bee comes into view.
Things that are here:
a killer bee corpse; a warg corpse; 😕 HP[+1]
You feel sick. 😕 HP[+1]
You feel sick.
The centaur shouts!
You hear a shout!
The centaur wields a +0 shortbow.
The centaur shoots an arrow.
The arrow completely misses you.
You feel sick.
The centaur shoots an arrow.
The arrow misses you.
The centaur wields a +0 shortbow.
The centaur shoots an arrow.
The arrow barely misses you.
The centaur shoots an arrow.
The arrow hits you!
There is an open door, spattered with blood here. 😮 HP[-8]
You take 8 damage, and now have 43/59 hp.
You feel sick.
The centaur shoots an arrow.
The arrow hits you!
The centaur shoots an arrow.
The arrow hits you!
* * * LOW HITPOINT WARNING * * *
😨 HP[-18] MP[+1]
You take 18 damage, and now have 25/59 hp.
MASSIVE DAMAGE!! (PAUSE)
You feel sick.
The centaur shoots an arrow.
The arrow completely misses you.
The centaur unwields a +0 shortbow.
The centaur completely misses you.
The centaur closely misses you. 😨 HP[+1]
You slash the centaur!
You feel sick.
You are no longer poisoned.
The centaur shoots an arrow.
The arrow misses you. The centaur misses you.
The centaur kicks you but does no damage.
The centaur hits you.
* * * LOW HITPOINT WARNING * * *
The centaur barely misses you.
The centaur shoots an arrow.
The arrow hits you!
* * * LOW HITPOINT WARNING * * *
The centaur hits you.
* * * LOW HITPOINT WARNING * * *
The centaur kicks you.
* * * LOW HITPOINT WARNING * * *
😱 HP[-14]
You take 14 damage, and now have 12/59 hp.
MASSIVE DAMAGE!! (PAUSE)
You fade into invisibility!
The centaur shoots an arrow.
The arrow hits you!
* * * LOW HITPOINT WARNING * * *
The centaur closely misses you. The centaur barely misses you.
You are very lightly contaminated with residual magic. 😱 HP[-7]
You take 7 damage, and now have 5/59 hp.
You catch the helpless centaur completely off-guard!
You slash the centaur! You peck the centaur.
The centaur shoots an arrow.
The arrow hits you.
* * * LOW HITPOINT WARNING * * *
The centaur misses you. The centaur closely misses you.
The centaur shoots an arrow.
The arrow misses you. The centaur hits you.
You die...

Skill      XL: |  1  2  3  4  5  6  7  8  9 10 |
---------------+-------------------------------+-----
Fighting       | 1 2 3 4 5 |  5.0
Dodging        | 3 4 6 9 10 | 10.8
Conjurations   | 6 7 8 9 |  9.5
Stealth        | 3 4 |  4.0
Spellcasting   | 3 4 5 7 |  7.9
Translocations | 1 3 |  3.0
Air Magic      | 3 |  3.1

Action                   |  1- 3 |  4- 6 |  7- 9 | 10-12 || total
-------------------------+-------+-------+-------+-------++-------
Melee: Hand axe          |     4 |       |       |       ||     4
       Peck              |     1 |     1 |     1 |    11 ||    14
       Dagger            |       |     5 |     6 |       ||    11
       Battleaxe         |       |       |     4 |    67 ||    71
       Kick              |       |       |       |     8 ||     8
       Unarmed           |       |       |       |     2 ||     2
 Cast: Magic Dart        |    43 |    76 |    78 |    45 ||   242
       Searing Ray       |     2 |    10 |    43 |    34 ||    89
       Iskenderun's Myst |       |       |     5 |     6 ||    11
  Use: Scroll            |       |       |    15 |       ||    15
       Potion            |       |       |       |     1 ||     1
 Stab: Invisible         |       |       |       |     1 ||     1
Armor: Robe              |     1 |       |     4 |       ||     5
       Troll leather arm |       |       |     4 |    38 ||    42
Dodge: Dodged            |     8 |    11 |    55 |   209 ||   283

Levels and vault maps discovered:
D:1:      minmay_arrival_semitransparent, layout_basic
D:2:      layout_basic, minmay_pentomino_pile
D:3:      layout_loops_ring, minivault_23
D:4:      layout_basic, minitemple, uniq_grinder
D:5:      layout_gridville, nicolae_ashenzari_skybound,
          nemelex_spade_bored_becter, gammafunk_temple_overflow_wave, uniq_ijyb,
          uniq_blork_the_orc, uniq_eustachio
D:6:      layout_basic, gammafunk_temple_overflow_claw, kennysheep_mini_moat,
          serial_shops, shop, eino_tiny_chamber, uniq_duvessa, uniq_sigmund
D:7:      layout_rooms, temple_fountains
D:8:      layout_loops_cross, enter_bailey_5, minmay_starry_boxes
D:9:      layout_roguey, erik_orc_4, uniq_erolcha
Temple:   eino_wide_crystal_templ

Notes
Turn   | Place    | Note
-------+----------+-------------------------------------------
     0 | D:1      | Sobieck the Tengu Conjurer began the quest for the Orb.
     0 | D:1      | Reached XP level 1. HP: 10/10 MP: 4/4
     0 | D:1      | magus.rc [v1.9.6]
   348 | D:1      | Reached XP level 2. HP: 16/16 MP: 3/6
   720 | D:1      | Learned a level 2 spell: Searing Ray
  1286 | D:3      | Reached XP level 3. HP: 20/20 MP: 5/7
  1358 | D:2      | Reached skill level 1 in Fighting
  1537 | D:2      | Reached XP level 4. HP: 25/25 MP: 4/8
  1699 | D:2      | You add the spells Sting, Poisonous Vapours and Olgreb's
                  | Toxic Radiance to your library.
  2461 | D:3      | Reached skill level 3 in Dodging
  2610 | D:3      | Reached skill level 6 in Conjurations
  2743 | D:3      | Gained mutation: Your magical nature lets you fly swiftly
                  | and evasively. [Tengu growth]
  2743 | D:3      | Reached XP level 5. HP: 30/30 MP: 7/10
  2987 | D:3      | Reached skill level 3 in Stealth
  3123 | D:4      | Noticed Grinder
  3136 | D:4      | Killed Grinder
  3137 | D:4      | Reached skill level 2 in Fighting
  3137 | D:4      | Reached skill level 3 in Spellcasting
  3137 | D:4      | Reached XP level 6. HP: 33/36 MP: 1/11
  3393 | D:4      | You pick up a book of Debilitation and begin reading...
  3393 | D:4      | You add the spells Slow, Vampiric Draining and Confusing
                  | Touch to your library.
  3417 | D:4      | You pick up a book of Death and begin reading...
  3417 | D:4      | You add the spells Animate Dead, Haunt and Infestation to
                  | your library.
  3904 | D:4      | You pick up a book of Maledictions and begin reading...
  3904 | D:4      | You add the spells Corona, Ensorcelled Hibernation and
                  | Tukima's Dance to your library.
  3965 | D:4      | You pick up a book of Spatial Translocations and begin
                  | reading...
  3965 | D:4      | You add the spells Blink, Lesser Beckoning and Manifold
                  | Assault to your library.
  3997 | D:4      | Reached XP level 7. HP: 40/40 MP: 9/13
  4032 | D:4      | Learned a level 2 spell: Blink
  4037 | D:4      | Learned a level 4 spell: Iskenderun's Mystic Blast
  4103 | D:4      | Found a burning altar of Makhleb.
  4103 | D:4      | Found a snail-covered altar of Cheibriados.
  4105 | D:4      | Found a glowing silver altar of Zin.
  4108 | D:4      | Found a white marble altar of Elyvilon.
  4208 | D:5      | Entered Level 5 of the Dungeon
  4216 | D:5      | Reached skill level 4 in Dodging
  4216 | D:5      | Reached skill level 4 in Stealth
  4223 | D:5      | Reached skill level 3 in Fighting
  4316 | D:5      | Reached skill level 7 in Conjurations
  4363 | D:5      | Reached skill level 1 in Translocations
  4460 | D:5      | Found a sacrificial altar of Ru.
  4460 | D:5      | Found a hide-covered altar of Uskayaw.
  4542 | D:5      | Noticed Ijyb
  4549 | D:5      | Killed Ijyb
  4672 | D:5      | Found a sparkling altar of Nemelex Xobeh.
  4740 | D:5      | Found a broken altar of Ashenzari.
  4797 | D:5      | Reached skill level 4 in Spellcasting
  4885 | D:5      | Reached XP level 8. HP: 40/48 MP: 6/15
  5114 | D:5      | Noticed Blork the orc
  5119 | D:5      | Killed Blork the orc
  5167 | D:5      | Identified the ring of the Moon {rN+ Int+4}
  5231 | D:5      | Noticed Eustachio
  5236 | D:5      | Killed Eustachio
  5237 | D:5      | Reached skill level 4 in Fighting
  5237 | D:5      | Reached skill level 5 in Dodging
  5237 | D:5      | Reached skill level 2 in Translocations
  5642 | D:6      | Reached skill level 8 in Conjurations
  5963 | D:6      | Reached skill level 6 in Dodging
  5963 | D:6      | Reached skill level 5 in Spellcasting
  5963 | D:6      | Reached skill level 3 in Translocations
  5963 | D:6      | Reached XP level 9. HP: 53/53 MP: 11/17
  6104 | D:6      | Found Zotsomi's Book Boutique.
  6134 | D:6      | Found an ancient bone altar of Kikubaaqudgha.
  6275 | D:6      | Reached skill level 5 in Fighting
  6363 | D:6      | Found a stormy altar of Qazlal.
  6363 | D:6      | Found a bloodstained altar of Trog.
  6364 | D:6      | Found a blossoming altar of Fedhas.
  6389 | D:6      | Noticed Sigmund
  6396 | D:6      | Killed Sigmund
  6397 | D:6      | Noticed Duvessa
  6430 | D:6      | Noticed Dowan
  6434 | D:6      | Killed Duvessa
  6438 | D:6      | Killed Dowan
  6729 | D:7      | Reached skill level 7 in Dodging
  6791 | D:7      | Identified the +4 battleaxe of Hepliaklqana's Delight
                  | {holy, rPois rN+}
  6840 | D:7      | Reached skill level 6 in Spellcasting
  7013 | D:7      | Noticed a troll
  7018 | D:7      | Killed a troll
  7196 | D:7      | Reached skill level 8 in Dodging
  7456 | D:8      | Reached skill level 7 in Spellcasting
  7609 | D:8      | Noticed a manticore
  7618 | D:8      | Killed a manticore
  7619 | D:8      | Reached skill level 9 in Dodging
  7619 | D:8      | Reached XP level 10. HP: 30/59 MP: 10/21
  7786 | D:8      | Found a flagged portal.
  7805 | Bailey   | Entered a bailey
  7938 | Bailey   | Reached skill level 10 in Dodging
  8066 | Bailey   | Noticed an orc knight
  8224 | Bailey   | Identified the +0 plate armour of Midwinter {Drain Fly
                  | Str+9 Dex-3}
  8356 | Bailey   | Killed an orc knight
  8746 | D:6      | Bought a book of Storms for 416 gold pieces
  8746 | D:6      | You pick up a book of Storms and begin reading...
  8746 | D:6      | You add the spells Airstrike, Summon Lightning Spire and
                  | Lightning Bolt to your library.
  8751 | D:6      | Learned a level 4 spell: Airstrike
  8757 | D:6      | Learned a level 5 spell: Lightning Bolt
  8865 | D:7      | Found a staircase to the Ecumenical Temple.
  8871 | Temple   | Entered the Ecumenical Temple
  8911 | Temple   | Became a worshipper of Vehumet
  9142 | D:8      | Reached skill level 9 in Conjurations
  9161 | D:8      | You pick up a book of Frost and begin reading...
  9161 | D:8      | You add the spells Freeze, Frozen Ramparts and Hailstorm to
                  | your library.
  9678 | D:9      | Reached skill level 1 in Air Magic
 10147 | D:9      | Reached skill level 2 in Air Magic
 10279 | D:9      | Found a staircase to the Orcish Mines.
 10298 | D:9      | Reached * piety under Vehumet
 10298 | D:9      | Offered knowledge of Foxfire by Vehumet.
 10299 | D:9      | Reached skill level 3 in Air Magic
 10356 | D:9      | HP: 14/59 [centaur (1)]
 10357 | D:9      | HP: 5/59 [centaur/arrow (9)]
 10358 | D:9      | Slain by a centaur

Vanquished Creatures
  An orc knight (Bailey)
  A manticore (D:8)
  A troll (D:7)
  Grinder (D:4)
  Sigmund (D:6)
  A wraith (D:7)
  Eustachio (D:5)
  A steam dragon (D:6)
  A warg (D:9)
  A water moccasin (D:6)
  Duvessa (D:6)
  10 orc warriors
  An ice beast (D:7)
  A black bear (D:5)
  2 necrophages
  3 ogres
  2 centaurs
  Blork the orc (D:5)
  A kobold brigand (D:8)
  3 bullfrogs (D:8)
  4 scorpions
  Dowan (D:6)
  A wyvern skeleton (D:7)
  5 killer bees
  4 wights
  A howler monkey (D:9)
  3 centaur zombies
  2 jellies (D:5)
  6 orc priests
  A bullfrog skeleton (D:6)
  Ijyb (D:5)
  A scorpion zombie (D:5)
  9 orc wizards
  2 killer bee zombies
  A hound zombie (D:5)
  A howler monkey skeleton (D:5)
  2 gnolls (Bailey)
  10 adders
  2 white imps
  A worm (D:4)
  4 dart slugs
  23 orcs
  10 endoplasms
  2 giant cockroaches
  12 goblins
  9 hobgoblins
  3 jackals (D:4)
  3 quokkas
  3 ball pythons
  5 bats
  30 kobolds
  7 rats
204 creatures vanquished.

Table legend:
 A = Non-vault XP
 B = Vault XP
 C = Vault XP percentage of total XP
 D = Non-vault monster count
 E = Vault monster count
 F = Vault count percentage of total count
                 A         B        C        D         E       F
            +---------+---------+-------+---------+---------+-------
      Total |    4720 |    4084 |  46.4 |     134 |      70 |  34.3
            +---------+---------+-------+---------+---------+-------
        D:1 |      32 |       0 |   0.0 |      15 |       0 |   0.0
        D:2 |      31 |      43 |  58.1 |      13 |       5 |  27.8
        D:3 |      65 |       0 |   0.0 |      18 |       0 |   0.0
        D:4 |     201 |     258 |  56.2 |      23 |       1 |   4.2
        D:5 |     708 |     320 |  31.1 |      12 |       3 |  20.0
        D:6 |     908 |     443 |  32.8 |      11 |       3 |  21.4
        D:7 |    1432 |       0 |   0.0 |      20 |       0 |   0.0
        D:8 |     296 |    1052 |  78.0 |       9 |      12 |  57.1
        D:9 |    1047 |     500 |  32.3 |      13 |      14 |  51.9
     Bailey |       0 |    1468 | 100.0 |       0 |      32 | 100.0
            +---------+---------+-------+---------+---------+-------

Illustrated notes

Table legend:
 A = Kills in this place as a percentage of kills in entire the game.
 B = Kills by you in this place as a percentage of kills by you in the entire game.
 C = Kills by friends in this place as a percentage of kills by friends in the entire game.
 D = Other kills in this place as a percentage of other kills in the entire game.
 E = Experience gained in this place as a percentage of experience gained in the entire game.
 F = Experience gained in this place divided by the number of levels of this place that you have seen.
                   A       B       C       D       E      F
               +-------+-------+-------+-------+-------+----------------------
         Total | 100.0 | 100.0 |   N/A |   N/A | 100.0 | 800.4
       Dungeon |  84.3 |  84.3 |   N/A |   N/A |  83.3 | 815.1
        Bailey |  15.7 |  15.7 |   N/A |   N/A |  16.7 | 1468.0
               +-------+-------+-------+-------+-------+----------------------

Table legend: (Time is in decaauts)
 A = Elapsed time spent in this place.
 B = Non-inter-level travel time spent in this place.
 C = Inter-level travel time spent in this place.
 D = Time resting spent in this place.
 E = Time spent auto-exploring this place.
 F = Levels seen in this place.
 G = Mean time per level.
                   A        B        C        D        E       F      G
               +--------+--------+--------+--------+--------+-----+--------+
         Total |  10047 |   9790 |    257 |   2266 |   6091 |  11 |  913.4 |
       Dungeon |   9258 |   9022 |    236 |   1846 |   6010 |   9 | 1028.7 |
        Temple |     57 |     37 |     20 |      0 |     32 |   1 |   57.0 |
        Bailey |    731 |    731 |      0 |    419 |     49 |   1 |  731.0 |
               +--------+--------+--------+--------+--------+-----+--------+

Top non-repeatable levels by time:
     D:6: 1259 daAuts
     D:5: 1231 daAuts
     D:1: 1139 daAuts
     D:8: 1123 daAuts
     D:2: 1071 daAuts
     D:4: 1069 daAuts
     D:3: 846 daAuts
     D:7: 783 daAuts
     D:9: 734 daAuts
  Bailey: 731 daAuts
  Temple: 57 daAuts
